TOP OF THE 1ST |
---|
West Virginia Power batting - Pitching for Santa Fe Diablos : RHP Bob Brock | Pitching: RHP Bob Brock | | Batting: RHB Matt Tucker | 0-0: Called Strike 0-1: SINGLE (Flyball, 9S) | Batting: LHB Jorge Luna | 0-0: Ball 1-0: Called Strike 1-1: Ball 2-1: Grounds into double play, 5-4-3 (Groundball, 56) | Batting: LHB Edward Bennett | 0-0: Called Strike 0-1: Ball 1-1: Ground out 1-3 (Groundball, 13) | Top of the 1st over - 0 runs, 1 hit, 0 errors, 0 left on base; West Virginia 0 - Santa Fe 0 | BOTTOM OF THE 1ST |
---|
Santa Fe Diablos batting - Pitching for West Virginia Power : RHP Luis García | Pitching: RHP Luis García | | Batting: RHB Félix Campos | 0-0: Called Strike 0-1: Foul Ball, location: 2F 0-2: Ball 1-2: Foul Ball, location: 2F 1-2: Ball 2-2: Strikes out swinging | Batting: RHB David Ward | 0-0: Foul Ball, location: 2F 0-1: Ball 1-1: Swinging Strike 1-2: Foul Ball, location: 2F 1-2: SINGLE (Groundball, 6MD) | Batting: LHB Arturo Rodledo | 0-0: Called Strike David Ward steals 2nd base 0-1: Foul Ball, location: 2F 0-2: DOUBLE (Flyball, 8RXD) David Ward scores | Batting: RHB Ray Ervin | 0-0: Swinging Strike 0-1: Swinging Strike 0-2: Ball 1-2: Foul Ball, location: 2F 1-2: Foul Ball, location: 2F 1-2: Strikes out swinging | Batting: LHB Juan Torres | 0-0: Foul Ball, location: 2F 0-1: Ball 1-1: Foul Ball, location: 2F 1-2: Ball 2-2: Foul Ball, location: 2F 2-2: Ground out 4-3 (Groundball, 4) | Bottom of the 1st over - 1 run, 2 hits, 0 errors, 1 left on base; West Virginia 0 - Santa Fe 1 | TOP OF THE 2ND |
---|
West Virginia Power batting - Pitching for Santa Fe Diablos : RHP Bob Brock | Batting: RHB Joaquín Vásquez | 0-0: Ball 1-0: Called Strike 1-1: Swinging Strike 1-2: Ball 2-2: Ball 3-2: Base on Balls | Batting: RHB Millard Walker | 0-0: Ball 1-0: Ball 2-0: Ball 3-0: Base on Balls Joaquín Vásquez to second | Batting: RHB Daniel Martínez | 0-0: Swinging Strike 0-1: Ball 1-1: Swinging Strike 1-2: Ball 2-2: Strikes out looking | Batting: RHB Vaughan Shelton | 0-0: Ball 1-0: Foul Ball, location: 2F 1-1: Ball 2-1: Ball 3-1: Swinging Strike 3-2: Strikes out swinging | Batting: RHB Julián Garza | 0-0: Called Strike 0-1: Swinging Strike 0-2: Ball 1-2: Strikes out swinging | Top of the 2nd over - 0 runs, 0 hits, 0 errors, 2 left on base; West Virginia 0 - Santa Fe 1 | BOTTOM OF THE 2ND |
---|
Santa Fe Diablos batting - Pitching for West Virginia Power : RHP Luis García | Batting: LHB Michael Barrett | 0-0: Ground out 3-1 (Groundball, 23) | Batting: RHB Tim Adkins | 0-0: Ball 1-0: Called Strike 1-1: Swinging Strike 1-2: Foul Ball, location: 2F 1-2: DOUBLE (Line Drive, 7LS) | Batting: RHB Carlos Jiménez | 0-0: Called Strike Tim Adkins steals 3rd base 0-1: Ball 1-1: Called Strike 1-2: Strikes out swinging | Batting: RHB Adam Reeves | 0-0: Ball 1-0: Ball 2-0: Ball 3-0: Called Strike 3-1: Ground out 4-3 (Groundball, 4M) | Bottom of the 2nd over - 0 runs, 1 hit, 0 errors, 1 left on base; West Virginia 0 - Santa Fe 1 | TOP OF THE 3RD |
---|
West Virginia Power batting - Pitching for Santa Fe Diablos : RHP Bob Brock | Batting: RHB Nick Mackin | 0-0: Ground out 4-3 (Groundball, 4) | Batting: RHB Matt Tucker | 0-0: Ball 1-0: Ball 2-0: Called Strike 2-1: Swinging Strike 2-2: Ball 3-2: Base on Balls | Batting: LHB Jorge Luna | 0-0: Foul Ball, location: 2F 0-1: Ball 1-1: Ball 2-1: Fielders Choice at 2nd, 6-4 (Groundball, 6) | Batting: LHB Edward Bennett | 0-0: Swinging Strike 0-1: Ball 1-1: Fly out, F8 (Flyball, 8LXD) | Top of the 3rd over - 0 runs, 0 hits, 0 errors, 1 left on base; West Virginia 0 - Santa Fe 1 | BOTTOM OF THE 3RD |
---|
Santa Fe Diablos batting - Pitching for West Virginia Power : RHP Luis García | Batting: RHB Félix Campos | 0-0: Called Strike 0-1: Fly out, F7 (Flyball, 7LD) | Batting: RHB David Ward | 0-0: Called Strike 0-1: Foul Ball, location: 2F 0-2: Strikes out looking | Batting: LHB Arturo Rodledo | 0-0: Ball 1-0: Ball 2-0: Called Strike 2-1: Called Strike 2-2: Ball 3-2: SINGLE (Line Drive, 4MD) | Batting: RHB Ray Ervin | 0-0: Ball 1-0: Ball 2-0: Called Strike 2-1: Foul Ball, location: 2F 2-2: Ball 3-2: Base on Balls Arturo Rodledo to second | Batting: LHB Juan Torres | 0-0: Ball 1-0: Called Strike 1-1: Foul Ball, location: 2F 1-2: Ball 2-2: Ball 3-2: Fly out, F7 (Flyball, 7) | Bottom of the 3rd over - 0 runs, 1 hit, 0 errors, 2 left on base; West Virginia 0 - Santa Fe 1 | TOP OF THE 4TH |
---|
West Virginia Power batting - Pitching for Santa Fe Diablos : RHP Bob Brock | Batting: RHB Joaquín Vásquez | 0-0: Called Strike 0-1: Ground out 1-3 (Groundball, 13) | Batting: RHB Millard Walker | 0-0: Foul Ball, location: 2F 0-1: Foul Ball, location: 2F 0-2: Ball 1-2: Ball 2-2: Foul Ball, location: 2F 2-2: Strikes out swinging | Batting: RHB Daniel Martínez | 0-0: Ball 1-0: Ball 2-0: Foul Ball, location: 2F 2-1: Foul Ball, location: 2F 2-2: Ball 3-2: Ground out 5-3 (Groundball, 56) | Top of the 4th over - 0 runs, 0 hits, 0 errors, 0 left on base; West Virginia 0 - Santa Fe 1 | BOTTOM OF THE 4TH |
---|
Santa Fe Diablos batting - Pitching for West Virginia Power : RHP Luis García | Batting: LHB Michael Barrett | 0-0: Ball 1-0: Ball 2-0: SINGLE (Groundball, 6MD) | Batting: RHB Tim Adkins | 0-0: Ball 1-0: Swinging Strike 1-1: Fly out, F8 (Flyball, 8LD) | Batting: RHB Carlos Jiménez | 0-0: Foul Ball, location: 2F 0-1: Ball 1-1: Foul Ball, location: 2F 1-2: Foul Ball, location: 2F 1-2: SINGLE (Groundball, 4MD) Michael Barrett to second Michael Barrett to third | Batting: RHB Adam Reeves | 0-0: Swinging Strike 0-1: Called Strike 0-2: Ball 1-2: Foul Ball, location: 2F 1-2: Strikes out swinging | Batting: RHB Félix Campos | 0-0: Called Strike 0-1: Ball 1-1: Called Strike 1-2: Ball 2-2: Foul Ball, location: 2F 2-2: Strikes out looking | Bottom of the 4th over - 0 runs, 2 hits, 0 errors, 2 left on base; West Virginia 0 - Santa Fe 1 | TOP OF THE 5TH |
---|
West Virginia Power batting - Pitching for Santa Fe Diablos : RHP Bob Brock | Batting: RHB Vaughan Shelton | 0-0: Foul Ball, location: 2F 0-1: Ball 1-1: Called Strike 1-2: Foul Ball, location: 2F 1-2: Ball 2-2: Ball 3-2: Strikes out swinging | Batting: RHB Julián Garza | 0-0: Called Strike 0-1: Swinging Strike 0-2: Strikes out looking | Batting: RHB Nick Mackin | 0-0: Ball 1-0: Ground out 5-3 (Groundball, 5L) | Top of the 5th over - 0 runs, 0 hits, 0 errors, 0 left on base; West Virginia 0 - Santa Fe 1 | BOTTOM OF THE 5TH |
---|
Santa Fe Diablos batting - Pitching for West Virginia Power : RHP Luis García | Batting: RHB David Ward | 0-0: Ball 1-0: Ball 2-0: Fly out, F6 (Line Drive, 6M) | Batting: LHB Arturo Rodledo | 0-0: Ball 1-0: Ball 2-0: Ball 3-0: Foul Ball, location: 2F 3-1: Foul Ball, location: 2F 3-2: Foul Ball, location: 2F 3-2: SOLO HOME RUN (Flyball, 9D), Distance : 343 ft | Batting: RHB Ray Ervin | 0-0: Foul Ball, location: 2F 0-1: Called Strike 0-2: Ball 1-2: Ball 2-2: Fly out, F5 (Line Drive, 56) | Now at 3B: Will Stafford | | Batting: LHB Juan Torres | 0-0: Ball 1-0: Ball 2-0: Ball 3-0: Called Strike 3-1: Called Strike 3-2: Foul Ball, location: 2F 3-2: Foul Ball, location: 2F 3-2: Base on Balls | Batting: LHB Michael Barrett | 0-0: Called Strike 0-1: Called Strike 0-2: Fly out, F7 (Flyball, 78M) | Bottom of the 5th over - 1 run, 1 hit, 0 errors, 1 left on base; West Virginia 0 - Santa Fe 2 | TOP OF THE 6TH |
---|
West Virginia Power batting - Pitching for Santa Fe Diablos : RHP Bob Brock | Batting: RHB Matt Tucker | 0-0: Ball 1-0: Swinging Strike 1-1: Swinging Strike 1-2: Strikes out swinging | Batting: LHB Jorge Luna | 0-0: Ball 1-0: Foul Ball, location: 2F 1-1: Ball 2-1: Swinging Strike 2-2: Ball 3-2: Strikes out swinging | Batting: LHB Edward Bennett | 0-0: Reached on error, E3 (Groundball, 3S) | Batting: RHB Joaquín Vásquez | 0-0: Fielders Choice at 2nd, U6 (Groundball, 6M) | Top of the 6th over - 0 runs, 0 hits, 1 error, 1 left on base; West Virginia 0 - Santa Fe 2 | BOTTOM OF THE 6TH |
---|
Santa Fe Diablos batting - Pitching for West Virginia Power : RHP Luis García | Pitching: RHP Roberto Marino | | Batting: RHB Tim Adkins | 0-0: Ball 1-0: Ball 2-0: Foul Ball, location: 2F 2-1: Ball 3-1: Base on Balls | Pitching: RHP Esteban Garza | | Batting: RHB Carlos Jiménez | 0-0: Swinging Strike 0-1: Swinging Strike 0-2: Ball 1-2: Foul Ball, location: 2F 1-2: Foul Ball, location: 2F 1-2: Strikes out swinging | Batting: RHB Adam Reeves | 0-0: Ball Tim Adkins is caught stealing 2nd base 1-0: Swinging Strike 1-1: Ball 2-1: Foul Ball, location: 2F 2-2: Strikes out swinging | Bottom of the 6th over - 0 runs, 0 hits, 0 errors, 0 left on base; West Virginia 0 - Santa Fe 2 | TOP OF THE 7TH |
---|
West Virginia Power batting - Pitching for Santa Fe Diablos : RHP Bob Brock | Batting: RHB Millard Walker | 0-0: Foul Ball, location: 2F 0-1: Ball 1-1: DOUBLE (Line Drive, 9D) | Batting: RHB Daniel Martínez | 0-0: Ball 1-0: Foul Ball, location: 2F 1-1: Foul Ball, location: 2F 1-2: Ball 2-2: Ball 3-2: Foul Ball, location: 2F 3-2: Base on Balls | Pinch Hitting: LHB Robin Jamieson | 0-0: Ball 1-0: Called Strike 1-1: Fielders Choice at 2nd, 4-6 (Groundball, 4) Millard Walker to third | Batting: RHB Will Stafford | 0-0: Called Strike 0-1: Called Strike 0-2: Ball 1-2: Ball 2-2: Ball Wild Pitch! Millard Walker scores Robin Jamieson to second 3-2: Base on Balls | Pitching: RHP Tomás Rodríguez | | Pinch Hitting: RHB Luis Quezada | 0-0: Foul Ball, location: 2F 0-1: Fielders Choice at 2nd, 6-4 (Groundball, 6M) Robin Jamieson to third | Batting: RHB Matt Tucker | 0-0: Called Strike 0-1: Ball 1-1: Fly out, F9 (Flyball, 89D) | Top of the 7th over - 1 run, 1 hit, 0 errors, 2 left on base; West Virginia 1 - Santa Fe 2 | BOTTOM OF THE 7TH |
---|
Santa Fe Diablos batting - Pitching for West Virginia Power : RHP Esteban Garza | Now at 2B: Robin Jamieson | | Now at SS: Norberto Márquez | | Batting: RHB Félix Campos | 0-0: Foul Ball, location: 2F 0-1: Swinging Strike 0-2: Ball 1-2: Foul Ball, location: 2F 1-2: Strikes out swinging | Batting: RHB David Ward | 0-0: Called Strike 0-1: DOUBLE (Flyball, 89D) | Batting: LHB Arturo Rodledo | 0-0: Called Strike 0-1: Foul Ball, location: 2F 0-2: Ball 1-2: Strikes out swinging | Batting: RHB Ray Ervin | 0-0: Ball 1-0: Foul Ball, location: 2F 1-1: Ground out 1-3 (Groundball, P) | Bottom of the 7th over - 0 runs, 1 hit, 0 errors, 1 left on base; West Virginia 1 - Santa Fe 2 | TOP OF THE 8TH |
---|
West Virginia Power batting - Pitching for Santa Fe Diablos : RHP Tomás Rodríguez | Now in CF: Luis Torres | | Batting: LHB Jorge Luna | 0-0: Swinging Strike 0-1: Swinging Strike 0-2: Strikes out looking | Batting: LHB Edward Bennett | 0-0: Ball 1-0: Ball 2-0: Foul Ball, location: 2F 2-1: Swinging Strike 2-2: Foul Ball, location: 2F 2-2: Foul Ball, location: 2F 2-2: Foul Ball, location: 2F 2-2: Strikes out looking | Batting: RHB Joaquín Vásquez | 0-0: Called Strike 0-1: Foul Ball, location: 2F 0-2: Ball 1-2: Ball 2-2: Strikes out swinging | Top of the 8th over - 0 runs, 0 hits, 0 errors, 0 left on base; West Virginia 1 - Santa Fe 2 | BOTTOM OF THE 8TH |
---|
Santa Fe Diablos batting - Pitching for West Virginia Power : RHP Esteban Garza | Batting: LHB Juan Torres | 0-0: Called Strike 0-1: Ball 1-1: Ball 2-1: Swinging Strike 2-2: Foul Ball, location: 2F 2-2: Ball 3-2: Foul Ball, location: 2F 3-2: Base on Balls | Batting: LHB Michael Barrett | 0-0: Called Strike 0-1: Ball 1-1: Called Strike 1-2: Strikes out looking | Batting: RHB Tim Adkins | 0-0: Foul Ball, location: 2F 0-1: Called Strike 0-2: Strikes out looking | Pinch Hitting: RHB Mike Martin | 0-0: Ball 1-0: Called Strike 1-1: Called Strike 1-2: Fly out, F5 (Line Drive, 56) | Bottom of the 8th over - 0 runs, 0 hits, 0 errors, 1 left on base; West Virginia 1 - Santa Fe 2 | TOP OF THE 9TH |
---|
West Virginia Power batting - Pitching for Santa Fe Diablos : RHP Tomás Rodríguez | Pitching: RHP Héctor Rodríguez | | Now at 2B: Todd Oliver | | Batting: RHB Millard Walker | 0-0: Fly out, F6 (Flyball, 6D) | Batting: RHB Daniel Martínez | 0-0: Ball 1-0: Foul Ball, location: 2F 1-1: Ground out 4-3 (Groundball, 34S) | Batting: LHB Robin Jamieson | 0-0: SINGLE (Groundball, 6MD) | Batting: RHB Will Stafford | 0-0: Called Strike 0-1: Foul Ball, location: 2F 0-2: Strikes out swinging | Top of the 9th over - 0 runs, 1 hit, 0 errors, 1 left on base; West Virginia 1 - Santa Fe 2 | |